 Dungeon Crawl Stone Soup version 0.18.1-50-g88ac8fd (webtiles) character file.

1162 Drunkenshrew the Fighter (level 8, -3/74 HPs)
             Began as a Red Draconian Skald on Sept 22, 2016.
             Killed by divine providence
             ... invoked by an orc priest
              (10 damage)
             ... on level 5 of the Dungeon.
             The game lasted 00:18:47 (4967 turns).

Drunkenshrew the Fighter (Red Draconian Skald)      Turns: 4967, Time: 00:18:47

Health: -3/74      AC: 14    Str: 17    XL:     8   Next: 17%
Magic:  12/15      EV: 12    Int: 13    God:
Gold:   201        SH:  0    Dex: 10    Spells: 2 memorised, 13 levels left

rFire  + . .     SeeInvis +     c - +2 dagger (protect)
rCold  . . .     Gourm    .     (armour unavailable)
rNeg   . . .     Faith    .     (no shield)
rPois  .         Spirit   .     (helmet restricted)
rElec  .         Dismiss  .     p - +2 cloak
rCorr  .         Reflect  .     (no gloves)
SustAt .         Harm     .     (no boots)
MR     .....                    (no amulet)
Stlth  +.........               (no ring)
                                i - ring of see invisible

@: drained, not resistant to hostile enchantments, very unstealthy
A: breathe fire, unfitting armour, fire resistance 1, cold-blooded, AC +6
a: Breathe Fire


You were on level 5 of the Dungeon.
You were not hungry.

You visited 1 branch of the dungeon, and saw 5 of its levels.

You collected 201 gold pieces.

Inventory:

Hand Weapons
 c - a +2 dagger of protection (weapon)
 h - a +3 dire flail
Armour
 e - the +2 shield of Qinge {rC+ MP-9 Dex+2 Stlth+}
   (You found it on level 4 of the Dungeon)

   It affects your dexterity (+2).
   It protects you from cold.
   It affects your magic capacity (-9).
   It makes you more stealthy.
 p - a +2 cloak (worn)
Jewellery
 i - a ring of see invisible (left hand)
Scrolls
 f - a scroll of teleportation
 k - a scroll of remove curse
 l - a scroll of identify
 q - a scroll of fear
Potions
 d - a potion of mutation
 g - 2 potions of resistance
 j - a potion of curing
 r - a potion of flight
Books
 a - a book of Battle

   Spells                             Type                      Level
   a - Infusion                       Charms                       1
   b - Shroud of Golubria             Charms/Translocation         2
   c - Song of Slaying                Charms                       2
   d - Spectral Weapon                Hexes/Charms                 3
   e - Regeneration                   Charms/Necromancy            3
Comestibles
 b - 5 bread rations
 o - 4 meat rations


   Skills:
 - Level 8.1(7.5) Fighting
 - Level 3.0(2.5) Dodging
 - Level 2.0(1.5) Unarmed Combat
 - Level 5.0(4.5) Spellcasting
 + Level 3.6(3.2) Charms


You had 13 spell levels left.
You knew the following spells:

 Your Spells              Type           Power        Failure   Level  Hunger
a - Infusion              Chrm           ##..         8%          1    None
b - Regeneration          Chrm/Necr      #.........   34%         3    ###....


Dungeon Overview and Level Annotations

Branches:
Dungeon (5/15)
 Temple: D:4-7

Altars:
Pakellas

Annotations:
D:5 Drunkenshrew's ghost, novice DrSk


Innate Abilities, Weirdness & Mutations

You can breathe blasts of fire.
Your fiery red scales are hard (AC +6).
Your body does not fit into most forms of armour.
Your flesh is heat resistant.
You are cold-blooded and may be slowed by cold attacks.


Message History

Beogh smites you!
* * * LOW HITPOINT WARNING * * *
The orc priest completely misses you.
The orc priest calls upon Beogh to heal the orc priest.
The orc priest's wounds heal themselves!
You are no longer magically infusing your attacks.
Your magical contamination has completely faded away.
You see here 3 arrows.
Drunkenshrew's ghost breathes negative energy at you.
The bolt of negative energy misses you.
Things that are here:
an uncursed shortbow; 9 arrows; a centaur skeleton Drunkenshrew's ghost breathes negative energy at you.
The bolt of negative energy misses you.
The orc priest calls down the wrath of Beogh upon you.
Beogh smites you!
* * * LOW HITPOINT WARNING * * *
The orc priest calls down the wrath of Beogh upon you.
Beogh smites you!
You die...

##.## ##.## #### ##.##
##..### ##.# #.....## ##.
#......# #. #..(..<# ##
#..##..# ##### # #..##.@#
##...### # #..Wa.>#
##......# # ####
##......# ##>..#...## #
.o.### ##(..#...##
#...###...#
##Z..####÷oZ###...###...#
#..## ####...#o).##
##.......## #..#
##.....## ##......# ##..#
##..### ##.....# #...#
#....# ###..## #...#


You could see a worker ant, an orc priest, Drunkenshrew's ghost and a jackal
skeleton.

Vanquished Creatures
  The ghost of Flanowski the Digger, an amateur GrEE (D:4)
  Edmund (D:5)
  A water moccasin (D:5)
  2 phantoms (D:4)
  A centaur (D:5)
  A giant frog (D:4)
  A howler monkey (D:4)
  An orc priest (D:5)
  4 hounds
  3 iguanas
  A worker ant (D:5)
  2 adders
  7 gnolls
  4 oozes
  A worm (D:4)
  5 giant geckos
  4 orcs
  A ball python (D:1)
  7 giant cockroaches
  4 hobgoblins
  9 jackals
  7 kobolds
  3 bats
  A giant gecko skeleton (D:5)
  2 giant newts (D:2)
  4 goblins
  A jackal skeleton (D:5)
  11 rats
90 creatures vanquished.

Vanquished Creatures (others)
  A giant cockroach (D:1)
  A rat (D:1)
2 creatures vanquished.

Grand Total: 92 creatures vanquished

Notes
Turn   | Place    | Note
--------------------------------------------------------------
     0 | D:1      | Drunkenshrew the Draconian Skald began the quest for the Orb.
     0 | D:1      | Reached XP level 1. HP: 17/17 MP: 3/3
    67 | D:1      | Reached XP level 2. HP: 14/24 MP: 5/5
   685 | D:2      | Reached XP level 3. HP: 25/29 MP: 6/6
  1830 | D:3      | Reached skill level 3 in Fighting
  1904 | D:3      | Reached XP level 4. HP: 38/38 MP: 4/7
  2012 | D:3      | Reached skill level 4 in Fighting
  2595 | D:4      | Reached XP level 5. HP: 43/47 MP: 2/8
  2673 | D:4      | Found an oddly glowing altar of Pakellas.
  2674 | D:4      | Noticed Flanowski's ghost (amateur GrEE)
  2705 | D:4      | Killed Flanowski's ghost
  2705 | D:4      | Reached skill level 6 in Fighting
  2705 | D:4      | Reached XP level 6. HP: 7/58 MP: 4/9
  3089 | D:4      | Got a heavily runed shield
  3095 | D:4      | Identified the +2 shield of Qinge {rC+ MP-9 Dex+2 Stlth+} (You found it on level 4 of the Dungeon)
  3185 | D:4      | Reached skill level 7 in Fighting
  3249 | D:4      | Your scales start taking on a fiery red colour.
  3249 | D:4      | Reached XP level 7. HP: 49/67 MP: 3/10
  3249 | D:4      | Gained mutation: Your flesh is heat resistant. [Red Draconian growth]
  3349 | D:4      | Reached skill level 8 in Fighting
  3715 | D:5      | Entered Level 5 of the Dungeon
  3715 | D:5      | Noticed Edmund
  3731 | D:5      | Killed Edmund
  3946 | D:5      | Learned a level 3 spell: Regeneration
  4633 | D:5      | Reached skill level 5 in Spellcasting
  4633 | D:5      | Reached XP level 8. HP: 50/74 MP: 13/15
  4937 | D:5      | Noticed Drunkenshrew's ghost (novice DrSk)
  4967 | D:5      | Killed from afar by an orc priest

Skill      XL: |  1  2  3  4  5  6  7  8 |
---------------+-------------------------+-----
Dodging        | 2 3 |  3.0
Fighting       | 3 4 6 7 8 |  8.1
Spellcasting   | 5 |  5.0
Charms         | 3 |  3.6
Unarmed Combat | |  2.0

Action                   |  1- 3 |  4- 6 |  7- 9 || total
-------------------------+-------+-------+-------++-------
Melee: Dagger            |   155 |   166 |   195 ||   516
       Unarmed           |    12 |       |       ||    12
       Tailslap          |    18 |    30 |    19 ||    67
       Punch             |       |     3 |     1 ||     4
 Cast: Infusion          |     3 |     7 |    12 ||    22
       Regeneration      |       |       |     1 ||     1
  Use: Scroll            |       |    17 |     1 ||    18
       Potion            |       |     1 |     1 ||     2
 Stab: Sleeping          |     2 |     2 |       ||     4
  Eat: Beef jerky        |     2 |       |       ||     2
       Meat ration       |       |     1 |     1 ||     2
       Fruit             |       |       |     2 ||     2
Armor: Skin              |    62 |    55 |    98 ||   215
Dodge: Dodged            |   113 |    86 |   165 ||   364
